GCL
LAS VEGAS (GCL) HUSTLE @ ATLANTA (GCL) BRAVES
07/11/2099
 
TOP OF THE 1ST
Las Vegas (GCL) Hustle batting - Pitching for Atlanta (GCL) Braves : RHP Danny Mercado
Pitching: RHP Danny Mercado
Batting: RHB Brian Hair 0-0: Ball
1-0: Called Strike
1-1: Swinging Strike
1-2: Ball
2-2: Ball
3-2: Base on Balls
Batting: RHB Matt Granite 0-0: Ball
Brian Hair steals 2nd base
1-0: Called Strike
1-1: Ground out 3-1 (Groundball, 13, EV 86.3 MPH)
Brian Hair to third
Batting: RHB Kyle Owens 0-0: Called Strike
0-1: Foul Ball, location: 9LDF
0-2: Ball
1-2: Foul Ball, location: 9LDF
1-2: Foul Ball, location: 2F
1-2: Foul Ball, location: 2F
1-2: Fly out, F6 (Popup, 15S, EV 88.8 MPH)
Batting: SHB Josh Tull 0-0: Called Strike
0-1: Ball
1-1: Foul Ball, location: 5F
1-2: Strikes out swinging
Top of the 1st over - 0 runs, 0 hits, 0 errors, 1 left on base; Las Vegas (GCL) 0 - Atlanta (GCL) 0
BOTTOM OF THE 1ST
Atlanta (GCL) Braves batting - Pitching for Las Vegas (GCL) Hustle : RHP Israel Sierra
Pitching: RHP Israel Sierra
Batting: LHB Ramon Aguilar 0-0: Foul Ball, location: 2F
0-1: Ball
1-1: Foul Ball, location: 7LMF
1-2: Ball
2-2: Strikes out looking
Batting: RHB Omar Rivera 0-0: Ball
1-0: Fly out, F8 (Line Drive, 8LD, EV 90.0 MPH)
Batting: LHB Greg Sweeney 0-0: Ball
1-0: Ball
2-0: Ball
3-0: Called Strike
3-1: Ground out 6-3 (Groundball, 56, EV 76.9 MPH)
Bottom of the 1st over - 0 runs, 0 hits, 0 errors, 0 left on base; Las Vegas (GCL) 0 - Atlanta (GCL) 0
TOP OF THE 2ND
Las Vegas (GCL) Hustle batting - Pitching for Atlanta (GCL) Braves : RHP Danny Mercado
Batting: RHB Rich Dykes 0-0: Called Strike
0-1: Foul Ball, location: 3SF
0-2: Ball
1-2: Foul Ball, location: 7LDF
1-2: Foul Ball, location: 2F
1-2: Ball
2-2: Foul Ball, location: 5F
2-2: Fly out, F4 (Popup, 4, EV 60.6 MPH)
Batting: LHB Justin Miguel 0-0: SINGLE (Groundball, 34D, EV 103.8 MPH)
Batting: RHB Byron Moore 0-0: Fly out, F7 (Flyball, 7LD, EV 100.0 MPH)
Batting: RHB Tim Oster 0-0: Ball
1-0: Ball
2-0: Called Strike
2-1: Called Strike
2-2: Strikes out swinging
Top of the 2nd over - 0 runs, 1 hit, 0 errors, 1 left on base; Las Vegas (GCL) 0 - Atlanta (GCL) 0
BOTTOM OF THE 2ND
Atlanta (GCL) Braves batting - Pitching for Las Vegas (GCL) Hustle : RHP Israel Sierra
Batting: RHB Chris Barteck 0-0: Ball
1-0: Ball
2-0: Foul Ball, location: 9LDF
2-1: Swinging Strike
2-2: Strikes out swinging
Batting: RHB Phil Eagles 0-0: Ball
1-0: Foul Ball, location: 9LSFF
1-1: Swinging Strike
1-2: Ball
2-2: Strikes out looking
Batting: LHB Dave Acevedo 0-0: Called Strike
0-1: Called Strike
0-2: Strikes out looking
Bottom of the 2nd over - 0 runs, 0 hits, 0 errors, 0 left on base; Las Vegas (GCL) 0 - Atlanta (GCL) 0
TOP OF THE 3RD
Las Vegas (GCL) Hustle batting - Pitching for Atlanta (GCL) Braves : RHP Danny Mercado
Batting: RHB Jim Unknown 0-0: Ball
1-0: Called Strike
1-1: Ball
2-1: Fly out, F9 (Flyball, 89M, EV 78.1 MPH)
Batting: RHB Brian Hair 0-0: Ball
1-0: Ball
2-0: SINGLE (Flyball, 78S, EV 98.8 MPH)
Batting: RHB Matt Granite 0-0: Called Strike
Brian Hair steals 2nd base
0-1: Called Strike
0-2: Strikes out looking
Batting: RHB Kyle Owens 0-0: Ball
1-0: Called Strike
1-1: SINGLE (Line Drive, 4D, EV 97.5 MPH)
Brian Hair to third
Runner from 3rd tries for Home, SAFE, throw by CF to home
Batting: SHB Josh Tull 0-0: Ball
1-0: Fly out, F8 (Flyball, 8RD, EV 110.6 MPH)
Top of the 3rd over - 1 run, 2 hits, 0 errors, 1 left on base; Las Vegas (GCL) 1 - Atlanta (GCL) 0
BOTTOM OF THE 3RD
Atlanta (GCL) Braves batting - Pitching for Las Vegas (GCL) Hustle : RHP Israel Sierra
Batting: RHB Edwin Muniz 0-0: Called Strike
0-1: Swinging Strike
0-2: Strikes out swinging
Batting: RHB Diego Gallegos 0-0: Ball
1-0: Foul Ball, location: 5FF
1-1: Ball
2-1: SINGLE (Line Drive, 4D, EV 97.5 MPH)
Batting: LHB Pedro Balenzuela 0-0: Called Strike
0-1: Ball
1-1: SINGLE (Flyball, 7LS, EV 96.9 MPH)
Diego Gallegos to second
Batting: LHB Ramon Aguilar 0-0: Foul Ball, location: 2F
0-1: Ball
1-1: Ball
2-1: Ball
3-1: Fielders Choice at 2nd, 6-4 (Groundball, 6, EV 101.3 MPH)
Diego Gallegos to third
Batting: RHB Omar Rivera 0-0: Foul Ball, location: 9LSF
0-1: Fly out, F8 (Flyball, 8RD, EV 105.6 MPH)
Bottom of the 3rd over - 0 runs, 2 hits, 0 errors, 2 left on base; Las Vegas (GCL) 1 - Atlanta (GCL) 0
TOP OF THE 4TH
Las Vegas (GCL) Hustle batting - Pitching for Atlanta (GCL) Braves : RHP Danny Mercado
Batting: RHB Rich Dykes 0-0: Ball
1-0: Called Strike
1-1: Foul Ball, location: 2F
1-2: Ball
2-2: Ball
3-2: Foul Ball, location: 2F
3-2: Base on Balls
Batting: LHB Justin Miguel 0-0: Ball
1-0: Called Strike
1-1: Foul Ball, location: 2F
1-2: Strikes out swinging
Batting: RHB Byron Moore 0-0: Called Strike
Rich Dykes is caught stealing 2nd base 2-4
0-1: Ground out 5-3 (Groundball, 5, EV 90.6 MPH)
Top of the 4th over - 0 runs, 0 hits, 0 errors, 0 left on base; Las Vegas (GCL) 1 - Atlanta (GCL) 0
BOTTOM OF THE 4TH
Atlanta (GCL) Braves batting - Pitching for Las Vegas (GCL) Hustle : RHP Israel Sierra
Batting: LHB Greg Sweeney 0-0: Ball
1-0: Called Strike
1-1: Ball
2-1: DOUBLE (Line Drive, 8LXD, EV 107.5 MPH)
Batting: RHB Chris Barteck 0-0: Foul Ball, location: 5FF
0-1: Ball
1-1: Foul Ball, location: 2F
1-2: Fly out, F8 (Flyball, 78M, EV 90.6 MPH)
Batting: RHB Phil Eagles 0-0: Ball
1-0: Fly out, F9 (Flyball, 9LS, EV 77.5 MPH)
Batting: LHB Dave Acevedo 0-0: Ball
1-0: Ball
2-0: Called Strike
2-1: Fly out, F7 (Flyball, 7, EV 93.8 MPH)
Bottom of the 4th over - 0 runs, 1 hit, 0 errors, 1 left on base; Las Vegas (GCL) 1 - Atlanta (GCL) 0
TOP OF THE 5TH
Las Vegas (GCL) Hustle batting - Pitching for Atlanta (GCL) Braves : RHP Danny Mercado
Batting: RHB Tim Oster 0-0: Fly out, F8 (Flyball, 78D, EV 78.1 MPH)
Batting: RHB Jim Unknown 0-0: Ball
1-0: Ball
2-0: Foul Ball, location: 23F
2-1: Foul Ball, location: 2F
2-2: Ball
3-2: Hit by Pitch
Batting: RHB Brian Hair 0-0: Fly out, F9 (Line Drive, 9, EV 92.5 MPH)
Batting: RHB Matt Granite 0-0: Foul Ball, location: 3F
0-1: Called Strike
0-2: Foul Ball, location: 9LDF
0-2: Strikes out swinging
Top of the 5th over - 0 runs, 0 hits, 0 errors, 1 left on base; Las Vegas (GCL) 1 - Atlanta (GCL) 0
BOTTOM OF THE 5TH
Atlanta (GCL) Braves batting - Pitching for Las Vegas (GCL) Hustle : RHP Israel Sierra
Batting: RHB Edwin Muniz 0-0: Swinging Strike
0-1: Ground out 6-3 (Groundball, 6, EV 88.1 MPH)
Batting: RHB Diego Gallegos 0-0: Ball
1-0: SINGLE (Groundball, 3D, EV 103.1 MPH)
Batting: LHB Pedro Balenzuela 0-0: Fly out, F9 (Line Drive, 9, EV 96.3 MPH)
Batting: LHB Ramon Aguilar 0-0: Ball
1-0: Ball
2-0: SINGLE (Line Drive, 56, EV 101.9 MPH)
Diego Gallegos to second
Batting: RHB Omar Rivera 0-0: Ball
1-0: Ball
2-0: Called Strike
2-1: Ball
3-1: Base on Balls
Diego Gallegos to third
Ramon Aguilar to second
Batting: LHB Greg Sweeney 0-0: Ball
1-0: Swinging Strike
1-1: Foul Ball, location: 2F
1-2: Foul Ball, location: 9LMF
1-2: Foul Ball, location: 23F
1-2: Foul Ball, location: 2F
1-2: Ball
2-2: Ball
3-2: Strikes out swinging
Bottom of the 5th over - 0 runs, 2 hits, 0 errors, 3 left on base; Las Vegas (GCL) 1 - Atlanta (GCL) 0
TOP OF THE 6TH
Las Vegas (GCL) Hustle batting - Pitching for Atlanta (GCL) Braves : RHP Danny Mercado
Pitching: RHP Ivan Trevino
Batting: RHB Kyle Owens 0-0: Called Strike
0-1: Ball
1-1: Foul Ball, location: 3F
1-2: Strikes out looking
Batting: SHB Josh Tull 0-0: Foul Ball, location: 2F
0-1: Foul Ball, location: 2F
0-2: Foul Ball, location: 5DF
0-2: SINGLE (Flyball, 7LS, EV 87.5 MPH)
Batting: RHB Rich Dykes 0-0: SINGLE (Groundball, 5S, EV 75.0 MPH) (infield hit)
Josh Tull to second
Batting: LHB Justin Miguel 0-0: Ball
Josh Tull steals 3rd base
Rich Dykes to second
1-0: Ball
2-0: Called Strike
2-1: Foul Ball, location: 2F
2-2: Strikes out swinging
Batting: RHB Byron Moore 0-0: Ball
1-0: Fly out, F3 (Popup, 34S, EV 73.1 MPH)
Top of the 6th over - 0 runs, 2 hits, 0 errors, 2 left on base; Las Vegas (GCL) 1 - Atlanta (GCL) 0
BOTTOM OF THE 6TH
Atlanta (GCL) Braves batting - Pitching for Las Vegas (GCL) Hustle : RHP Israel Sierra
Batting: RHB Chris Barteck 0-0: Ball
1-0: Called Strike
1-1: Ball
2-1: SOLO HOME RUN (Flyball, 9D, EV 96.3 MPH), Distance : 366 ft
Batting: RHB Phil Eagles 0-0: Foul Ball, location: 2F
0-1: Foul Ball, location: 2F
0-2: Strikes out swinging
Pitching: RHP Orlando Villegas
Batting: LHB Dave Acevedo 0-0: Ball
1-0: Called Strike
1-1: Foul Ball, location: 2F
1-2: Foul Ball, location: 2F
1-2: Ball
2-2: Strikes out swinging
Batting: RHB Edwin Muniz 0-0: Ball
1-0: Ball
2-0: Fly out, F9 (Flyball, 9, EV 90.0 MPH)
Bottom of the 6th over - 1 run, 1 hit, 0 errors, 0 left on base; Las Vegas (GCL) 1 - Atlanta (GCL) 1
TOP OF THE 7TH
Las Vegas (GCL) Hustle batting - Pitching for Atlanta (GCL) Braves : RHP Ivan Trevino
Pitching: RHP Tony Martinez
Batting: RHB Frederico Franklin 0-0: Foul Ball, location: 2F
0-1: Ball
1-1: Called Strike
1-2: Ball
2-2: Ball
3-2: Strikes out swinging
Batting: RHB Jim Unknown 0-0: Called Strike
0-1: Foul Ball, location: 9LSF
0-2: Foul Ball, location: 2F
0-2: Ball
1-2: SINGLE (Groundball, 4MD, EV 106.3 MPH)
Batting: RHB Brian Hair 0-0: Foul Ball, location: 2F
0-1: Ball
1-1: Swinging Strike
1-2: Ball
2-2: Foul Ball, location: 9LMF
2-2: Strikes out looking
Pinch Hitting: RHB Jesus Marques 0-0: Ball
1-0: Ball
2-0: Called Strike
2-1: Ball
3-1: Base on Balls
Jim Unknown to second
Pitching: LHP Orlando Colon
Batting: RHB Kyle Owens 0-0: Called Strike
0-1: Called Strike
0-2: Ball
1-2: Strikes out swinging
Top of the 7th over - 0 runs, 1 hit, 0 errors, 2 left on base; Las Vegas (GCL) 1 - Atlanta (GCL) 1
BOTTOM OF THE 7TH
Atlanta (GCL) Braves batting - Pitching for Las Vegas (GCL) Hustle : RHP Orlando Villegas
Now in CF: Gaspard Buzzacarina
Pinch Hitting: RHB Jesus Jimenez 0-0: Ball
1-0: Foul Ball, location: 7LSFF
1-1: Called Strike
1-2: Strikes out swinging
Batting: LHB Pedro Balenzuela 0-0: Ball
1-0: Foul Ball, location: 3F
1-1: Foul Ball, location: 3DF
1-2: Foul Ball, location: 7LSF
1-2: Ground out U3 (Groundball, 34S, EV 80.0 MPH)
Batting: LHB Ramon Aguilar 0-0: Called Strike
0-1: Swinging Strike
0-2: Ball
1-2: Foul Ball, location: 7LMF
1-2: Ball
2-2: Strikes out swinging
Bottom of the 7th over - 0 runs, 0 hits, 0 errors, 0 left on base; Las Vegas (GCL) 1 - Atlanta (GCL) 1
TOP OF THE 8TH
Las Vegas (GCL) Hustle batting - Pitching for Atlanta (GCL) Braves : LHP Orlando Colon
Now at 3B: Serguei Eliasberg
Batting: SHB Josh Tull 0-0: Ball
1-0: Foul Ball, location: 7LMF
1-1: Ball
2-1: Fly out, F3 (Popup, 34S, EV 82.5 MPH)
Batting: RHB Rich Dykes 0-0: Ball
1-0: Ball
2-0: Ball
3-0: Base on Balls
Pinch Hitting: RHB Jason Crosby 0-0: Called Strike
0-1: Foul Ball, location: 5SF
0-2: Strikes out swinging
Pinch Hitting: RHB Danny Cervantes 0-0: Ball
1-0: Ball
2-0: Ball
3-0: Base on Balls
Rich Dykes to second
Pitching: RHP David Unger
Batting: RHB Brian Lamb 0-0: Swinging Strike
0-1: Ball
1-1: Foul Ball, location: 9LSF
1-2: Fly out, F7 (Flyball, 7S, EV 93.1 MPH)
Top of the 8th over - 0 runs, 0 hits, 0 errors, 2 left on base; Las Vegas (GCL) 1 - Atlanta (GCL) 1
BOTTOM OF THE 8TH
Atlanta (GCL) Braves batting - Pitching for Las Vegas (GCL) Hustle : RHP Orlando Villegas
Now at 1B: Jason Crosby
Now in RF: Danny Cervantes
Pinch Hitting: RHB Cole Malcom 0-0: Called Strike
0-1: Ball
1-1: SOLO HOME RUN (Flyball, 89XD, EV 106.3 MPH), Distance : 403 ft
Batting: LHB Greg Sweeney 0-0: Ball
1-0: Foul Ball, location: 5FF
1-1: Ball
2-1: SINGLE (Line Drive, 89S, EV 86.3 MPH)
Batting: RHB Chris Barteck 0-0: Ball
1-0: Called Strike
1-1: Ball
2-1: Ball
3-1: Base on Balls
Greg Sweeney to second
Batting: LHB Gustavo Matos 0-0: Ball
1-0: Ball
2-0: Ball
3-0: Base on Balls
Greg Sweeney to third
Chris Barteck to second
Pitching: RHP Manny Nunez
Batting: LHB Dave Acevedo 0-0: Called Strike
0-1: Called Strike
0-2: Strikes out swinging
Batting: RHB Edwin Muniz 0-0: Called Strike
0-1: Ball
1-1: Foul Ball, location: 2F
1-2: Ball
2-2: Strikes out swinging
Batting: LHB Serguei Eliasberg 0-0: TRIPLE (Groundball, 3L, EV 97.5 MPH)
Greg Sweeney scores
Chris Barteck scores
Gustavo Matos scores
Batting: LHB Pedro Balenzuela 0-0: Fly out, F6 (Popup, 6M, EV 66.3 MPH)
Bottom of the 8th over - 4 runs, 3 hits, 0 errors, 1 left on base; Las Vegas (GCL) 1 - Atlanta (GCL) 5
TOP OF THE 9TH
Las Vegas (GCL) Hustle batting - Pitching for Atlanta (GCL) Braves : RHP David Unger
Now at C: Mike Mendez
Batting: RHB Jim Unknown 0-0: Ball
1-0: Ball
2-0: Called Strike
2-1: Swinging Strike
2-2: Ball
3-2: Fly out, F2 (Popup, 25F, EV 87.5 MPH)
Batting: RHB Brian Hair 0-0: Called Strike
0-1: Swinging Strike
0-2: Strikes out swinging
Batting: RHB Gaspard Buzzacarina 0-0: Ball
1-0: Ground out 3-1 (Groundball, 34S, EV 85.6 MPH)
Top of the 9th over - 0 runs, 0 hits, 0 errors, 0 left on base; Las Vegas (GCL) 1 - Atlanta (GCL) 5
Saturday, May 11th , 2024 - OOTP Baseball 24.11 Build 85